Map: Oceanborn LE

Players

SubN

  • Race: Zerg Zerg
  • League: Diamond
  • Spawn Location: 11:00

Muck - Winner!

  • Race: Zerg Zerg
  • League: Diamond
  • Spawn Location: 5:00

VOD

Have the link to the VOD?

Description

Time

  • Played on: Dec. 26, 2023, 10:42 p.m.
  • Length: 4:28
Show
View Real Time Build Order
Export as new Build Order

SubN Zerg 

Build Orders: Pool First 

Get SALT Encoding   

  12  0:00  Drone  
  13  0:12  Overlord  
  13  0:16  Drone  
  14  0:30  Drone x2  
  14  0:34  Drone  
  17  0:36  Extractor  
  16  0:45  Drone  
  17  0:50  Spawning Pool  
  17  0:57  Drone  
  17  1:06  Drone  
  18  1:21  Hatchery  
  17  1:28  Drone  
  17  1:32  Overlord  
  18  1:44  Zergling x2  
  18  1:46  Queen  
  21  1:52  Metabolic Boost  
  21  1:56  Zergling x2  
  21  2:01  Zergling x2  
  23  2:11  Zergling x2  
  24  2:22  Zergling x2  
  25  2:23  Queen  
  27  2:34  Zergling x4  
  29  2:43  Queen  
  31  2:48  Overlord x2  
  31  2:59  Pneumatized Carapace  
  31  3:06  Drone x4  
  35  3:26  Hatchery  
  33  3:35  Drone x2  
  33  3:36  Drone x2  
  37  3:53  Zergling x4  
  37  3:54  Zergling x6  
Show
View Real Time Build Order
Export as new Build Order

Muck Zerg - Winner!

Build Orders: Hatch First 

Get SALT Encoding   

  12  0:00  Drone  
  13  0:08  Drone  
  14  0:17  Overlord  
  14  0:27  Drone, Extractor  
  15  0:45  Hatchery  
  14  0:51  Drone  
  14  0:53  Drone  
  14  0:55  Drone  
  17  1:04  Extractor  
  16  1:13  Spawning Pool  
  16  1:16  Drone  
  16  1:21  Drone  
  17  1:30  Drone  
  18  1:38  Drone  
  19  1:50  Drone  
  20  1:56  Overlord  
  20  2:00  Queen  
  20  2:01  Queen  
  22  2:04  Zergling x2  
  25  2:09  Metabolic Boost  
  25  2:16  Zergling x2  
  25  2:17  Zergling x2  
  27  2:28  Baneling Nest  
  26  2:30  Zergling x4  
  28  2:43  Zergling x2  
  32  2:44  Zergling x6  
  32  2:52  Zergling x4  
  34  3:10  Zergling x4  
  36  3:13  Overlord x2  
  36  3:19  Baneling x3  
  36  3:43  Zergling x2  
  36  3:44  Zergling x14  
  36  3:45  Baneling  
  44  3:50  Baneling x3  
  44  3:54  Zergling x2  
Tags
 
Add a new tag
Caveats
  • Supply blocks, unpowered buildings, or Contaminate may cause inaccurate times.
  • Supply counts are checked every 10 seconds.